 Dungeon Crawl Stone Soup version 0.21-a0-404-g291f19a (webtiles) character file.

96 Monsterracer the Vexing (level 4, -5/34 HPs)
             Began as a Gnoll Arcane Marksman on Oct 29, 2017.
             Slain by Natasha (8 damage)
             ... on level 3 of the Dungeon.
             The game lasted 00:02:55 (2577 turns).

Monsterracer the Vexing (Gnoll Arcane Marksman)     Turns: 2577, Time: 00:02:56

Health: -5/34      AC:  2    Str: 13    XL:     4   Next: 67%
Magic:  3/8        EV: 15    Int: 16    God:
Gold:   104        SH:  0    Dex: 15    Spells: 1/9 levels left

rFire    . . .     SeeInvis .   a - +0 hand crossbow
rCold    . . .     Gourm    .   (no shield)
rNeg     + . .     Faith    .   e - +0 robe
rPois    .         Spirit   .   (no helmet)
rElec    .         Reflect  .   (no cloak)
rCorr    .         Harm     .   (no gloves)
MR       .....                  (no boots)
Stlth    ++........             (no amulet)
HPRegen  0.11/turn              o - ring of positive energy {!d}
MPRegen  0.11/turn              (no ring)

@: no status effects
A: distributed training, fangs 1, strong nose
a: no special abilities


You were on level 3 of the Dungeon.
You were hungry.

You visited 1 branch of the dungeon, and saw 3 of its levels.

You collected 104 gold pieces.

Inventory:

Hand Weapons
 a - a +0 hand crossbow (weapon)
 b - a +0 hand axe
 w - a +0 dagger
Missiles
 d - 10 bolts (quivered)
Armour
 e - a +0 robe (worn)
Jewellery
 o - a ring of positive energy (left hand) {!d}
Scrolls
 c - a scroll of teleportation {unknown}
 g - 3 scrolls of remove curse {unknown}
 j - a scroll of identify {unknown}
 l - 2 scrolls of magic mapping {unknown}
Potions
 i - 2 potions of resistance {unknown}
 k - 2 potions of curing {unknown}
 m - a potion of brilliance {unknown}
 n - a potion of heal wounds {unknown}
 p - a potion of berserk rage {unknown}
Comestibles
 f - a bread ration
 h - a royal jelly


   Skills:
 + Level 2.8 Fighting
 + Level 1.2 Short Blades
 + Level 1.2 Long Blades
 + Level 1.2 Axes
 + Level 1.2 Maces & Flails
 + Level 1.2 Polearms
 + Level 1.2 Staves
 + Level 1.2 Slings
 + Level 1.2 Bows
 + Level 4.6 Crossbows
 + Level 1.2 Throwing
 + Level 1.2 Armour
 + Level 4.6 Dodging
 + Level 1.2 Stealth
 + Level 1.2 Shields
 + Level 1.2 Unarmed Combat
 + Level 3.0 Spellcasting
 + Level 1.0 Conjurations
 + Level 5.5 Hexes
 + Level 1.0 Charms
 + Level 1.0 Summonings
 + Level 1.0 Necromancy
 + Level 1.0 Translocations
 + Level 1.0 Transmutations
 + Level 1.0 Fire Magic
 + Level 1.0 Ice Magic
 + Level 1.0 Air Magic
 + Level 1.0 Earth Magic
 + Level 1.0 Poison Magic
 + Level 1.3 Invocations
 + Level 1.2 Evocations


You had one spell level left.
You knew the following spells:

 Your Spells              Type           Power        Failure   Level  Hunger
a - Corona                Hex            ###....      1%          1    #......
c - Portal Projectile     Hex/Tloc       ##....       14%         3    ###....
w - Cause Fear            Hex            ###.......   19%         4    #####..


Dungeon Overview and Level Annotations

Branches:
Dungeon (3/15)

Altars:
Gozag

Annotations:
D:3 Natasha


Innate Abilities, Weirdness & Mutations

Your experience applies equally to all skills.
You have very sharp teeth.
Your uncanny sense of smell can sniff out nearby items.


Message History

Natasha casts a spell at you. The magic dart hits you!
You take 6 damage, and have 28/34 hp.
a - a +0 hand crossbow (weapon)
Casting: Corona
Confirm with . or Enter, or press ? or * to list all spells.
Aiming: Corona
Press: ? - help, Shift-Dir - straight line, f - Natasha
Aim: Natasha (chance to defeat MR: 59%) Natasha struggles to resist.
You now have 7/8 mp.
Firing (i - inventory):
d - 19 bolts (quivered)
Press: ? - help, Shift-Dir - straight line, f/p - Natasha
Aim: Natasha You shoot a bolt.
The bolt hits Natasha.
Natasha is lightly wounded.
Casting: Corona
Confirm with . or Enter, or press ? or * to list all spells.
Aiming: Corona
Press: ? - help, Shift-Dir - straight line, f/p - Natasha
Aim: Natasha (lightly wounded, chance to defeat MR: 59%) Natasha is outlined in light.
Natasha claws you.
You take 3 damage, and have 25/34 hp.
You now have 6/8 mp.
Firing (i - inventory):
d - 18 bolts (quivered)
Press: ? - help, Shift-Dir - straight line, f/p - Natasha
Aim: Natasha (lightly wounded, softly glowing)
You shoot a bolt. The bolt hits Natasha.
Natasha is lightly wounded.
Natasha claws you!
* * * LOW HITPOINT WARNING * * *
You take 8 damage, and have 17/34 hp.
MASSIVE DAMAGE!!
Unknown command.
Firing (i - inventory):
d - 17 bolts (quivered)
Press: ? - help, Shift-Dir - straight line, f/p - Natasha
Aim: Natasha (lightly wounded, softly glowing)
You shoot a bolt. The bolt hits Natasha.
Natasha is moderately wounded.
Natasha barely misses you.
Firing (i - inventory):
d - 16 bolts (quivered)
Press: ? - help, Shift-Dir - straight line, f/p - Natasha
Aim: Natasha (moderately wounded, softly glowing)
You shoot a bolt. The bolt hits Natasha!
Natasha is severely wounded.
Natasha claws you.
* * * LOW HITPOINT WARNING * * *
Natasha closely misses you.
You take 2 damage, and have 15/34 hp.
Unknown command.
Firing (i - inventory):
d - 15 bolts (quivered)
Press: ? - help, Shift-Dir - straight line, f/p - Natasha
Aim: Natasha (severely wounded, softly glowing)
You shoot a bolt. The bolt barely misses Natasha.
Natasha misses you.
Unknown command.
Firing (i - inventory):
d - 14 bolts (quivered)
Press: ? - help, Shift-Dir - straight line, f/p - Natasha
Aim: Natasha (severely wounded, softly glowing)
You shoot a bolt.
The bolt hits Natasha but does no damage.
Natasha is severely wounded.
Natasha stops glowing.
Natasha claws you.
* * * LOW HITPOINT WARNING * * *
You take 3 damage, and have 12/34 hp.
Unknown command.
Firing (i - inventory):
d - 13 bolts (quivered)
Press: ? - help, Shift-Dir - straight line, f/p - Natasha
Aim: Natasha (severely wounded)
You shoot a bolt. The bolt hits Natasha.
Natasha is severely wounded.
Natasha claws you!
* * * LOW HITPOINT WARNING * * *
Natasha claws you but does no damage.
You take 9 damage, and have 3/34 hp.
MASSIVE DAMAGE!!
Casting: Corona
Confirm with . or Enter, or press ? or * to list all spells.
Okay, then.
Casting: Corona
Confirm with . or Enter, or press ? or * to list all spells.
Okay, then.
Unknown command.
Casting: Corona
Confirm with . or Enter, or press ? or * to list all spells.
Natasha easily resists.
You are feeling hungry.
Natasha closely misses you.
You now have 3/8 mp.
Casting: Cause Fear
Confirm with . or Enter, or press ? or * to list all spells.
Okay, then.
Firing (i - inventory):
d - 12 bolts (quivered)
Press: ? - help, Shift-Dir - straight line, f/p - Natasha
Aim: Natasha (severely wounded)
You shoot a bolt. The bolt barely misses Natasha.
Natasha closely misses you.
Firing (i - inventory):
d - 11 bolts (quivered)
Press: ? - help, Shift-Dir - straight line, f/p - Natasha
Aim: Natasha (severely wounded)
You shoot a bolt.
The bolt hits Natasha but does no damage.
Natasha is severely wounded.
Natasha claws you!
You die...

##...###.
#.##.#.# #+##
#. #.#..#.#
#. #.#.##.#
#.. #......#
###.##
###.####
##.....## #.#
#.8...8.###.#
#.......#...#
(..._.h@..###
#.......###
#.8...8.#
##.....##
###.## #. .
#.


You could see Natasha.

Vanquished Creatures
  Natasha (D:3)
  3 adders (D:2)
  A worm (D:2)
  A dart slug (D:1)
  2 leopard geckos
  A ball python (D:1)
  6 giant cockroaches
  3 goblins
  3 hobgoblins (D:2)
  A quokka (D:2)
  5 bats
  2 frilled lizards (D:2)
  5 kobolds
  4 rats
38 creatures vanquished.

Notes
Turn   | Place    | Note
-------+----------+-------------------------------------------
     0 | D:1      | Monsterracer the Gnoll Arcane Marksman began the quest for the Orb.
     0 | D:1      | Reached XP level 1. HP: 17/17 MP: 4/4
   423 | D:1      | Reached XP level 2. HP: 16/23 MP: 5/5
   999 | D:2      | HP: 11/23 [adder (3)]
  1004 | D:2      | Reached XP level 3. HP: 12/28 MP: 7/7
  1005 | D:2      | HP: 11/28 [poisoned by an adder]
  1013 | D:2      | HP: 9/28 [poisoned by an adder]
  1401 | D:2      | Reached skill level 1 in Invocations
  1674 | D:2      | Reached skill level 1 in Short Blades
  1674 | D:2      | Reached skill level 1 in Long Blades
  1674 | D:2      | Reached skill level 1 in Axes
  1674 | D:2      | Reached skill level 1 in Maces & Flails
  1674 | D:2      | Reached skill level 1 in Polearms
  1674 | D:2      | Reached skill level 1 in Staves
  1674 | D:2      | Reached skill level 1 in Slings
  1674 | D:2      | Reached skill level 1 in Bows
  1674 | D:2      | Reached skill level 1 in Throwing
  1674 | D:2      | Reached skill level 1 in Armour
  1674 | D:2      | Reached skill level 1 in Stealth
  1674 | D:2      | Reached skill level 1 in Shields
  1674 | D:2      | Reached skill level 1 in Unarmed Combat
  1674 | D:2      | Reached skill level 1 in Evocations
  1771 | D:2      | Reached XP level 4. HP: 34/34 MP: 8/8
  1789 | D:2      | HP: 15/34 [worm (11)]
  2406 | D:3      | Noticed Natasha
  2419 | D:3      | Killed Natasha
  2419 | D:3      | Reached skill level 1 in Conjurations
  2419 | D:3      | Reached skill level 1 in Charms
  2419 | D:3      | Reached skill level 1 in Summonings
  2419 | D:3      | Reached skill level 1 in Necromancy
  2419 | D:3      | Reached skill level 1 in Translocations
  2419 | D:3      | Reached skill level 1 in Transmutations
  2419 | D:3      | Reached skill level 1 in Fire Magic
  2419 | D:3      | Reached skill level 1 in Ice Magic
  2419 | D:3      | Reached skill level 1 in Air Magic
  2419 | D:3      | Reached skill level 1 in Earth Magic
  2419 | D:3      | Reached skill level 1 in Poison Magic
  2540 | D:3      | Learned a level 3 spell: Portal Projectile
  2545 | D:3      | Learned a level 4 spell: Cause Fear
  2561 | D:3      | Found an opulent altar of Gozag.
  2563 | D:3      | Noticed Natasha
  2569 | D:3      | HP: 17/34 [Natasha (8)]
  2574 | D:3      | HP: 3/34 [Natasha (9)]
  2577 | D:3      | Slain by Natasha

Vault maps used:
D:1:      nzn_arrival_crosshair, grunt_decor_arrowhead
D:3:      grunt_gozag_statues, uniq_grinder, uniq_natasha

Skill      XL: |  1  2  3  4 |
---------------+-------------+-----
Invocations    | 1 |  1.3
Short Blades   | 1 |  1.2
Long Blades    | 1 |  1.2
Axes           | 1 |  1.2
Maces & Flails | 1 |  1.2
Polearms       | 1 |  1.2
Staves         | 1 |  1.2
Slings         | 1 |  1.2
Bows           | 1 |  1.2
Throwing       | 1 |  1.2
Armour         | 1 |  1.2
Stealth        | 1 |  1.2
Shields        | 1 |  1.2
Unarmed Combat | 1 |  1.2
Evocations     | 1 |  1.2
Spellcasting   | 3 |  3.0
Conjurations   | 1 |  1.0
Charms         | 1 |  1.0
Summonings     | 1 |  1.0
Necromancy     | 1 |  1.0
Translocations | 1 |  1.0
Transmutations | 1 |  1.0
Fire Magic     | 1 |  1.0
Ice Magic      | 1 |  1.0
Air Magic      | 1 |  1.0
Earth Magic    | 1 |  1.0
Poison Magic   | 1 |  1.0
Fighting       | |  2.8
Crossbows      | |  4.6
Dodging        | |  4.6
Hexes          | |  5.5

Action                   |  1- 3 |  4- 6 || total
-------------------------+-------+-------++-------
Melee: Whip              |    22 |       ||    22
       Hand axe          |    72 |    42 ||   114
       Bite              |    10 |     5 ||    15
       Punch             |     1 |       ||     1
 Fire: Hand crossbow     |     7 |    10 ||    17
 Cast: Corona            |     1 |     5 ||     6
       Cause Fear        |       |     1 ||     1
 Stab: Sleeping          |     2 |     3 ||     5
  Eat: Chunk             |     3 |     2 ||     5
Armor: Robe              |    17 |     8 ||    25
Dodge: Dodged            |    87 |    46 ||   133

Table legend:
 A = Spawn XP
 B = Non-spawn XP
 C = Spawn XP percentage of total XP
 D = Spawn monster count
 E = Non-spawn monster count
 F = Spawn count percentage of total count
 G = Total turns spent on level
                    A         B        C        D         E        F      G
               +---------+---------+-------+---------+---------+-------+---------
         Total |       0 |     138 |   0.0 |       0 |      38 |   0.0 |  2577
               +---------+---------+-------+---------+---------+-------+---------
           D:1 |       0 |      22 |   0.0 |       0 |      13 |   0.0 |   981
           D:2 |       0 |      71 |   0.0 |       0 |      18 |   0.0 |  1336
           D:3 |       0 |      45 |   0.0 |       0 |       7 |   0.0 |   260
               +---------+---------+-------+---------+---------+-------+---------

Vault maps used:
D:1:      nzn_arrival_crosshair, grunt_decor_arrowhead
D:3:      grunt_gozag_statues, uniq_grinder, uniq_natasha
